cohdb
Replays
Latest Replays
All Replays
Popular Replays
Top Player Replays
Match Explorer
How It Works
Community
CoH3 Stats
Reddit
Sign in to upload your games and track your stats! →
Sign in with Steam
Match 44140038
Unlisted
Match 44140038
Overview
Messages
Build Orders
End
Kradschützen Motorcycle Team
250 Light Carrier
Selects Italian Infantry
Panzergrenadier Squad
Construct Light Support Kompanie
Combat Half-tracks
Fire Support Elements
Construct Mechanized Kompanie
StuG III D Assault Gun
Panzerjäger Mechanized Group
Selects Guastatori Squad
Guastatori Squad
2.5-tonne Medical Truck
Guastatori Squad
250 Light Carrier
Construct Panzerarmee Kommand
Construct Panzerarmee Kommand
Armored Reserves
Selects Defensive Operations
Selects Territory Booby Traps
Tiger Heavy Tank
Selects Obice 305mm Barrage
Vehicle Survival Package
Emergency Repair Kits
Selects Registered Artillery
Selects Towed Cannone da 105/28 Field Howitzer
Calxtus
Sebulous
Merloga
就TM你叫夏洛啊
抖音呆呆河马-英3小程序
Endless
梧桐
GhostDragon
0
0
Comments
sign in to comment!
No comments posted yet!